 Dungeon Crawl Stone Soup version 0.24-a0-479-g9a978d2894 (webtiles) character file.

Game seed: 1311048458217710678

18425 ChocoEater the Geomancer (level 12, -1/72 HPs)
             Began as a Gargoyle Earth Elementalist on July 7, 2019.
             Was a High Priest of Vehumet.
             Slain by a manticore (6 damage)
             ... on level 12 of the Dungeon.
             The game lasted 00:40:59 (14980 turns).

ChocoEater the Geomancer (GrEE)                    Turns: 14980, Time: 00:41:00

Health: -1/72      AC: 16    Str: 12    XL:     12   Next: 58%
Magic:  20/24      EV: 15    Int: 21    God:    Vehumet [*****.]
Gold:   817        SH:  0    Dex: 14    Spells: 13/27 levels left

rFire    . . .     SeeInvis .   L - +4 morningstar
rCold    . . .     Gourm    .   (no shield)
rNeg     + . .     Faith    .   c - +2 robe
rPois    ∞         Spirit   .   (no helmet)
rElec    +         Reflect  .   (no cloak)
rCorr    +         Harm     .   s - +2 pair of gloves
MR       .....                  (no boots)
Stlth    ++........             e - amulet of regeneration
HPRegen  0.62/turn              r - +4 ring of dexterity
MPRegen  0.19/turn              o - ring of resist corrosion

@: no status effects
A: negative energy resistance 1, electricity resistance, unbreathing,
petrification resistance, rot immunity, AC +8
a: Renounce Religion


You were on level 12 of the Dungeon.
You worshipped Vehumet.
Vehumet was extremely pleased with you.
You were not hungry.

You visited 2 branches of the dungeon, and saw 13 of its levels.
You also visited: Sewer.

You collected 817 gold pieces.

Inventory:

Hand Weapons
 C - a +2 whip of venom
 L - a +4 morningstar (weapon)
Missiles
 b - 252 stones (quivered)
 v - 3 throwing nets
Armour
 c - a +2 robe (worn)
 s - a +2 pair of gloves (worn)
Jewellery
 e - an amulet of regeneration (around neck)
 o - a ring of resist corrosion (right hand)
 r - a +4 ring of dexterity (left hand)
 u - an uncursed ring of flight
 A - an uncursed ring of ice
 I - a +2 ring of dexterity
 K - an uncursed amulet of rage
Wands
 q - a wand of flame (6)
 w - a wand of random effects (2)
 x - a wand of clouds (1)
 B - a wand of polymorph (11)
 E - a wand of scattershot (4)
Scrolls
 f - 3 scrolls of amnesia
 g - 4 scrolls of magic mapping
 h - a scroll of immolation
 i - 11 scrolls of identify
 j - 7 scrolls of remove curse
 k - 8 scrolls of teleportation
 p - 5 scrolls of fog
 y - a scroll of blinking
 H - 3 scrolls of enchant weapon
 J - a scroll of fear
Potions
 a - 11 potions of curing
 l - a potion of flight
 m - 2 potions of invisibility
 n - 3 potions of agility
 t - 5 potions of heal wounds
 z - 2 potions of ambrosia
 G - a potion of haste
Comestibles
 d - 24 rations
 D - a chunk of flesh


   Skills:
 + Level 7.1 Fighting
 + Level 6.7 Maces & Flails
 - Level 6.0 Armour
 + Level 5.8 Dodging
 - Level 2.1 Stealth
 + Level 8.1 Spellcasting
 + Level 8.9 Conjurations
   Level 0.7 Transmutations
 + Level 10.7 Earth Magic
 - Level 6.0 Evocations


You had 13 spell levels left.
You knew the following spells:

 Your Spells              Type           Power        Failure   Level  Hunger
a - Sandblast             Erth           ######       1%          1    None
b - Stone Arrow           Conj/Erth      #####.       1%          3    None
c - Lee's Rapid Deconstr  Erth           ######....   1%          5    #####..
d - Bolt of Draining      Conj/Necr      ####......   10%         5    #####..

Your spell library contained the following spells:

 Spells                   Type           Power        Failure   Level  Hunger
 Iskenderun's Mystic Bla  Conj           #####...     1%          4    ###....
 Shock                    Conj/Air       ####         1%          1    None
 Passwall                 Tmut/Erth      ####....     1%          2    None
 Static Discharge         Conj/Air       ####....     1%          3    None
 Beastly Appendage        Tmut           ##....       6%          1    None
 Confusing Touch          Hex            #.....       8%          1    None
 Petrify                  Tmut/Erth      ####....     8%          4    ###....
 Sticks to Snakes         Tmut           ##......     9%          2    None
 Lightning Bolt           Conj/Air       ####......   10%         5    #####..
 Swiftness                Chrm/Air       #.......     12%         2    None
 Spider Form              Tmut/Pois      ##........   21%         3    None
 Airstrike                Air            #.........   21%         4    ###....
 Confuse                  Hex            #.......     24%         3    None
 Gell's Gravitas          Tloc           #.........   24%         3    None
 Yara's Violent Unravell  Hex/Tmut       ##........   41%         5    #####..
 Ice Form                 Ice/Tmut       ##......     56%         4    ###....
 Blade Hands              Tmut           ##........   85%         5    #####..
 Metabolic Englaciation   Hex/Ice        #.........   91%         5    #####..


Dungeon Overview and Level Annotations

Branches:
Dungeon (12/15)            Temple (1/1) D:4            Lair (0/6) D:11
    Orc (0/2) D:9

Altars:
Ashenzari
Cheibriados
Dithmenos
Elyvilon
Fedhas
Gozag
Hepliaklqana
Kikubaaqudgha
Makhleb
Nemelex Xobeh
Okawaru
Qazlal
Ru
Sif Muna
Trog
Uskayaw
Vehumet
Wu Jian
Xom
Yredelemnul
Zin
The Shining One
Beogh

Shops:
D:12 *

Annotations:
D:7 1 runed translucent door, Peloso's ghost, novice MiFi
D:10 exclusion: upstairs
D:12 1 runed translucent door, Tali's ghost, journeyman DsBe


Innate Abilities, Weirdness & Mutations

You are resistant to torment.
Your stone body is resilient. (AC +8)
You are immune to poison.
You resist negative energy. (rN+)
You are resistant to electric shocks. (rElec)
You can survive without breathing.
You are immune to petrification.
You are immune to rotting.


Message History

Aim: a manticore (moderately wounded)
The blast of sand hits the manticore!
The manticore is severely wounded.
b - 253 stones The manticore bites you!
The manticore barely misses you. The manticore closely misses you.
Casting: Sandblast (safe; 1% risk of failure)
Confirm with . or Enter, or press ? or * to list all spells.
Aiming: Sandblast (safe; 1% risk of failure)
Press: ? - help, Shift-Dir - straight line, f/p - manticore
Aim: a manticore (severely wounded)
The blast of sand hits the manticore!
The manticore is almost dead.
b - 252 stones The manticore bites you!
* * * LOW HITPOINT WARNING * * *
The manticore claws you.
* * * LOW HITPOINT WARNING * * *
The manticore claws you.
You die...

...........# #.
.#######...####.
#....)... #........
#........ #........
#........
##################.
#H@(...†......$/ #.
#[######..###### #.
#[ #........# #.
#.###...##...### #.
#.8.....# .....8 #.
####..### ##88## #.
###..######..####.
#8[...8##8....8##.
#......##......##.


You could see a manticore.

Vanquished Creatures
  Snorg (D:10)
  A two-headed ogre (D:10)
  The ghost of kaisn the Blocker, a journeyman OpEn of Dithmenos (D:11)
  2 unseen horrors
  A manticore (D:11)
  2 centaur zombies
  An ugly thing (D:11)
  2 kobold demonologists (D:12)
  2 trolls (D:10)
  2 hippogriffs
  17 yaks
  3 wyverns
  4 hungry ghosts
  A human (D:7)
  3 wraiths
  Eustachio (D:6)
  A basilisk (shapeshifter) (D:12)
  4 hogs (D:7)
  4 vampire mosquitoes (D:12)
  A steam dragon (D:12)
  A basilisk (D:11)
  4 porcupines (D:11)
  4 black bears
  4 ice beasts
  6 orc warriors
  3 sky beasts
  3 phantoms
  A necrophage (D:11)
  5 ogres
  2 wolves (D:11)
  5 centaurs
  3 crocodiles (D:11)
  2 big kobolds (D:7)
  3 bullfrogs
  A wyvern skeleton (D:11)
  4 scorpions
  6 killer bees (D:11)
  A troll zombie (D:9)
  5 howler monkeys
  6 wights
  7 crimson imps
  2 jellies
  A hound (D:12)
  2 quasits
  18 orc priests
  3 centaur skeletons
  12 orc wizards
  A bullfrog skeleton (D:8)
  Jessica (D:3)
  An iguana (D:7)
  3 worker ants
  5 ogre zombies (D:9)
  4 gnolls (D:5)
  11 adders
  3 shadow imps
  4 oozes (Sewer)
  8 worms
  A dart slug (D:4)
  7 leopard geckos
  58 orcs
  2 ball pythons
  8 bats
  11 giant cockroaches
  7 hobgoblins
  29 jackals
  6 quokkas
  3 frilled lizards
  12 goblins
  2 goblin skeletons (D:9)
  2 goblin zombies (D:9)
  2 hobgoblin skeletons (D:9)
  A hobgoblin zombie (D:9)
  A jackal skeleton (D:9)
  34 kobolds
  2 leopard gecko skeletons (D:4)
  An orc skeleton (D:9)
  10 orc zombies (D:9)
  A quokka skeleton (D:5)
  9 rats
418 creatures vanquished.

Vanquished Creatures (collateral kills)
  An adder (D:10)
1 creature vanquished.

Vanquished Creatures (others)
  A bush (D:11)
  3 plants (D:11)
4 creatures vanquished.

Grand Total: 423 creatures vanquished

Notes
Turn   | Place    | Note
-------+----------+-------------------------------------------
     0 | D:1      | ChocoEater the Gargoyle Earth Elementalist began the quest
                  | for the Orb.
     0 | D:1      | Reached XP level 1. HP: 10/10 MP: 3/3
   191 | D:1      | Reached XP level 2. HP: 11/15 MP: 5/5
   265 | D:1      | Reached skill level 4 in Earth Magic
  1318 | D:2      | Reached XP level 3. HP: 15/19 MP: 6/6
  1323 | D:2      | Learned a level 3 spell: Stone Arrow
  1783 | D:2      | Reached skill level 1 in Conjurations
  2252 | D:2      | Reached XP level 4. HP: 23/24 MP: 1/8
  3134 | D:3      | Reached skill level 5 in Earth Magic
  3184 | D:3      | Reached XP level 5. HP: 26/28 MP: 6/9
  3256 | D:3      | Noticed an ogre
  3257 | D:3      | Killed an ogre
  3438 | D:3      | Noticed Jessica
  3441 | D:3      | Killed Jessica
  3441 | D:3      | Reached XP level 6. HP: 30/32 MP: 5/11
  3443 | D:3      | Found a faded altar of an unknown god.
  3959 | D:4      | Reached skill level 6 in Earth Magic
  3968 | D:4      | Found a glowing drain.
  3996 | Sewer    | Entered a sewer
  4689 | Sewer    | Learned a level 5 spell: Lee's Rapid Deconstruction
  4716 | Sewer    | Reached XP level 7. HP: 33/36 MP: 7/13
  5159 | D:4      | Found a staircase to the Ecumenical Temple.
  5165 | Temple   | Entered the Ecumenical Temple
  5281 | Temple   | Became a worshipper of Vehumet
  5425 | D:4      | Found a stormy altar of Qazlal.
  5502 | D:5      | Entered Level 5 of the Dungeon
  5750 | D:5      | Reached * piety under Vehumet
  5750 | D:5      | Offered knowledge of Magic Dart by Vehumet.
  5918 | D:5      | Reached skill level 5 in Spellcasting
  5918 | D:5      | Reached skill level 7 in Earth Magic
  6152 | D:5      | Noticed a hippogriff
  6158 | D:5      | Killed a hippogriff
  6158 | D:5      | Reached skill level 5 in Conjurations
  6158 | D:5      | Reached XP level 8. HP: 35/42 MP: 9/15
  6224 | D:5      | Reached skill level 1 in Maces & Flails
  6252 | D:5      | Reached skill level 1 in Fighting
  6252 | D:5      | Reached skill level 1 in Armour
  6799 | D:6      | Reached skill level 1 in Evocations
  6956 | D:6      | Noticed Eustachio
  6979 | D:6      | Killed Eustachio
  6987 | D:6      | Reached ** piety under Vehumet
  6987 | D:6      | Offered knowledge of Sting by Vehumet.
  6987 | D:6      | Reached XP level 9. HP: 40/48 MP: 1/17
  8012 | D:7      | Reached skill level 8 in Earth Magic
  8253 | D:7      | Found a runed translucent door.
  8267 | D:7      | Noticed Peloso's ghost (novice MiFi)
  8789 | D:8      | Offered knowledge of Throw Flame by Vehumet.
  8893 | D:8      | Reached XP level 10. HP: 36/56 MP: 7/19
  9175 | D:8      | Reached *** piety under Vehumet
  9967 | D:9      | Offered knowledge of Dazzling Spray by Vehumet.
 10036 | D:9      | Found a staircase to the Orcish Mines.
 10207 | D:9      | Reached skill level 9 in Earth Magic
 10395 | D:9      | Reached **** piety under Vehumet
 10586 | D:9      | Offered knowledge of Olgreb's Toxic Radiance by Vehumet.
 10794 | D:9      | Killed an unseen horror
 10794 | D:9      | Reached skill level 5 in Armour
 11002 | D:9      | Reached skill level 5 in Fighting
 11006 | D:9      | Reached XP level 11. HP: 31/63 MP: 19/21
 11356 | D:10     | Entered Level 10 of the Dungeon
 11425 | D:10     | Noticed Snorg
 11542 | D:10     | Killed Snorg
 11542 | D:10     | Reached skill level 5 in Maces & Flails
 12205 | D:10     | Noticed a two-headed ogre
 12210 | D:10     | Killed a two-headed ogre
 12617 | D:11     | Reached skill level 5 in Evocations
 12651 | D:11     | Reached ***** piety under Vehumet
 12651 | D:11     | Offered knowledge of Bolt of Draining by Vehumet.
 12713 | D:11     | Learned a level 5 spell: Bolt of Draining
 12734 | D:11     | Reached skill level 5 in Dodging
 12790 | D:11     | Found a staircase to the Lair.
 12851 | D:11     | Reached skill level 10 in Earth Magic
 13038 | D:11     | Found a runed translucent gate.
 13039 | D:11     | Found a runed translucent gate.
 13039 | D:11     | Noticed kaisn's ghost (journeyman OpEn)
 13040 | D:11     | Found a runed translucent gate.
 13041 | D:11     | Identified the +6 chain mail of Starshine {Str+4}
 13043 | D:11     | Found a roughly hewn altar of Beogh.
 13110 | D:11     | Noticed a manticore
 13116 | D:11     | Killed an unseen horror
 13118 | D:11     | Killed a manticore
 13118 | D:11     | Reached XP level 12. HP: 58/71 MP: 3/23
 13928 | D:11     | Killed kaisn's ghost
 14376 | D:12     | Found a runed translucent door.
 14379 | D:12     | Noticed Tali's ghost (journeyman DsBe)
 14631 | D:12     | Found Fawisch's General Store.
 14898 | D:12     | Offered knowledge of Iskenderun's Mystic Blast by Vehumet.
 14980 | D:12     | Slain by a manticore

Levels and vault maps discovered:
D:1:      giann_horns, layout_loops_ring, minmay_worlds_worst_comb
D:2:      layout_basic, minmay_small_reverse_x
D:3:      layout_rooms, chequers_ecumenical_altar_simple, uniq_jessica
D:4:      layout_rooms, marbit_many_paths, minmay_temple_entry_fiery,
          cheibrodos_sewer_entry_bend
D:5:      corexii_shantytown, layout_basic, first_ration
D:6:      layout_basic, serial_curves, eino_curves_03, eino_curves_02,
          uniq_eustachio
D:7:      layout_loops_ring, ebering_ghost_reflecting_pool, grunt_livestock,
          minmay_curled_crystal, minmay_misc_feat_tower, hex_large
D:8:      layout_loops_corners, chequers_serial_rivers_large_a
D:9:      cheibrodos_iron_armory, layout_rooms, zombieorc1_lemuel
D:10:     layout_roguey, st_stairs_4, billiards_dpeg, uniq_snorg
D:11:     layout_roguey, minmay_lair_entry_grove, biasface_ghost_orc_armoury
D:12:     minmay_blocking_statues, layout_small_grid,
          hellmonk_ghost_happy_afterlife, serial_shops, nicolae_shop_waterfront
Temple:   kilobyte_greek_temple

Skill      XL: |  1  2  3  4  5  6  7  8  9 10 11 12 |
---------------+-------------------------------------+-----
Earth Magic    | 4 5 6 7 8 9 10 | 10.7
Conjurations   | 1 2 3 5 6 7 8 |  8.9
Spellcasting   | 3 4 5 6 7 8 |  8.1
Maces & Flails | 2 3 4 6 |  6.7
Fighting       | 2 3 5 6 7 |  7.1
Armour         | 2 3 5 6 |  6.0
Evocations     | 1 3 4 5 6 |  6.0
Dodging        | 2 3 4 5 |  5.8
Stealth        | |  2.1
Transmutations | |  0.7

Action                   |  1- 3 |  4- 6 |  7- 9 | 10-12 || total
-------------------------+-------+-------+-------+-------++-------
Melee: Unarmed           |    13 |       |       |       ||    13
       Club              |   153 |   174 |     2 |       ||   329
       Dagger            |       |       |   326 |    89 ||   415
       Whip              |       |       |       |   434 ||   434
       Morningstar       |       |       |       |    30 ||    30
 Cast: Sandblast         |    28 |    78 |    72 |   165 ||   343
       Stone Arrow       |     1 |     3 |     2 |    12 ||    18
       Lee's Rapid Decon |       |       |    17 |    41 ||    58
       Bolt of Draining  |       |       |       |     7 ||     7
Evoke: Wand              |       |       |    13 |     8 ||    21
  Use: Scroll            |     4 |     9 |     8 |     6 ||    27
       Potion            |       |     1 |     1 |     1 ||     3
 Stab: Sleeping          |     6 |     1 |     2 |     3 ||    12
  Eat: Chunk             |     5 |     9 |    15 |    30 ||    59
       Ration            |       |       |     1 |     1 ||     2
Armor: Robe              |    77 |   116 |   146 |   267 ||   606
Dodge: Dodged            |   163 |   263 |   228 |   452 ||  1106

Table legend:
 A = Non-vault XP
 B = Vault XP
 C = Vault XP percentage of total XP
 D = Non-vault monster count
 E = Vault monster count
 F = Vault count percentage of total count
                 A         B        C        D         E       F
            +---------+---------+-------+---------+---------+-------
      Total |   18441 |    7881 |  29.9 |     281 |     138 |  32.9
            +---------+---------+-------+---------+---------+-------
        D:1 |      22 |      10 |  31.2 |      14 |       5 |  26.3
        D:2 |      68 |       5 |   6.8 |      33 |       3 |   8.3
        D:3 |     256 |      37 |  12.6 |      22 |       1 |   4.3
        D:4 |     382 |       5 |   1.3 |      29 |       1 |   3.3
        D:5 |     525 |     111 |  17.5 |       7 |      29 |  80.6
        D:6 |     682 |     196 |  22.3 |      15 |       1 |   6.2
        D:7 |     737 |    1001 |  57.6 |      27 |       5 |  15.6
        D:8 |    2196 |       0 |   0.0 |      30 |       0 |   0.0
        D:9 |    2193 |     890 |  28.9 |      31 |      29 |  48.3
       D:10 |    2818 |    1715 |  37.8 |      19 |       7 |  26.9
       D:11 |    6536 |    3011 |  31.5 |      44 |      25 |  36.2
       D:12 |    2026 |     814 |  28.7 |      10 |       6 |  37.5
      Sewer |       0 |      86 | 100.0 |       0 |      26 | 100.0
            +---------+---------+-------+---------+---------+-------
